 Dungeon Crawl Stone Soup version 0.19-a0-1188-g4c2e17c (webtiles) character file.

60256 LORDOFBUTT the Bludgeoner (level 14, -4/135 HPs)
             Began as a Minotaur Fighter on Aug 19, 2016.
             Was an Initiate of Gozag.
             Drowned by a drowned soul (17 damage)
             ... summoned by a merfolk avatar
             ... on level 1 of the Shoals.
             The game lasted 00:37:44 (17244 turns).

LORDOFBUTT the Bludgeoner (Minotaur Fighter)       Turns: 17244, Time: 00:37:49

Health: -4/135     AC: 28    Str: 27      XL:     14   Next: 56%
Magic:  14/14      EV: 19    Int:  6 (7)  God:    Gozag
Gold:   589        SH:  0    Dex: 25      Spells: 0 memorised, 13 levels left

rFire  + + .     SeeInvis .     d - +3 dire flail (venom)
rCold  + + .     Gourm    .     T - +3 gold dragon armour
rNeg   . . .     Faith    .     (shield currently unavailable)
rPois  +         Spirit   .     (helmet restricted)
rElec  +         Dismiss  .     r - +2 cloak
rCorr  +         Reflect  .     q - +0 pair of gloves
MR     ++...     Harm     .     (no boots)
Stlth  ..........               P - amulet of the Lost Eyes {RegenMP MR+ Dex+6}
                                (no ring)
                                (no ring)

@: mighty, agile, exhausted, about to teleport, resistant, gold aura,
mesmerised, very slightly contaminated, hasted and slowed
A: retaliatory headbutt, claws 1, hooves 1, horns 2, clever 1, deterioration 1,
evolution 2, sturdy frame 1
a: Potion Petition, Call Merchant, Bribe Branch, Renounce Religion


You were on level 1 of the Shoals.
You worshipped Gozag.
Gozag was pleased with you.
You were not hungry.

You visited 4 branches of the dungeon, and saw 18 of its levels.
You also visited: Labyrinth.

You collected 5240 gold pieces.
You spent 772 gold pieces at shops.
You paid 3879 gold pieces to Gozag.

Inventory:

Hand Weapons
 a - a +0 flail
 d - a +3 dire flail of venom (weapon)
 x - a +0 blowgun
 W - a +1 whip of flaming
Missiles
 w - 3 curare-tipped needles
 C - 78 poisoned needles
Armour
 k - the +3 pair of gauntlets of War {Slay+5}
   (You acquired it on level 10 of the Dungeon)

   It affects your accuracy and damage with ranged weapons and melee attacks
   (+5).
 q - a +0 pair of gloves (worn)
 r - a +2 cloak (worn)
 T - a +3 gold dragon armour (worn)
Jewellery
 c - an uncursed amulet of regeneration {unknown}
 g - an uncursed ring of loudness
 l - an uncursed ring of ice
 t - an uncursed amulet of guardian spirit
 P - the amulet of the Lost Eyes (around neck) {RegenMP MR+ Dex+6}
   (You bought it in a shop on level 5 of the Lair of Beasts)

   [amulet of magic regeneration]

   It increases your magic regeneration.
   It affects your dexterity (+6).
   It affects your resistance to hostile enchantments.
 X - an uncursed ring of ice
Wands
 b - a wand of acid (0/15)
 F - a wand of iceblast (1/15)
 H - a wand of lightning (1/15)
 S - a wand of teleportation (3/9)
 V - a wand of paralysis (23/24)
 Y - a wand of flame (27/48)
 Z - a wand of digging (20/24)
Scrolls
 i - 8 scrolls of remove curse
 p - a scroll of magic mapping
 s - a scroll of amnesia
 v - 4 scrolls of recharging
 K - 2 scrolls of fog
 L - a scroll of noise
Potions
 h - 3 potions of flight
 n - a potion of magic
 o - a potion of agility
 u - a potion of lignification
 B - a potion of brilliance
 J - a potion of haste
 O - 3 potions of ambrosia
Comestibles
 f - 8 bread rations
 A - 4 meat rations
 G - a slice of pizza
 M - 3 fruits
 Q - 4 beef jerkies


   Skills:
 + Level 15.2 Fighting
 + Level 17.6 Maces & Flails
 + Level 14.4 Armour
 + Level 9.5 Dodging
 + Level 3.0 Stealth
   Level 7.0 Shields
 + Level 1.6 Evocations


You had 13 spell levels left.
You didn't know any spells.

Dungeon Overview and Level Annotations

Branches:
Dungeon (10/15)            Temple (1/1) D:6            Lair (6/6) D:10
 Shoals (1/4) Lair:2        Snake (0/4) Lair:2        Slime (0/5) Lair:5
    Orc (0/2) D:10

Altars:
Ashenzari
Cheibriados
Dithmenos
Elyvilon
Fedhas
Gozag
Hepliaklqana
Kikubaaqudgha
Makhleb
Nemelex Xobeh
Okawaru
Qazlal
Ru
Sif Muna
Trog
Uskayaw
Vehumet
Xom
Yredelemnul
Zin
The Shining One
Beogh

Shops:
D:8 *   Lair:5 =   Lair:6 !?   Shoals:1 *

Annotations:
Lair:4 exclusion: oklob plant


Innate Abilities, Weirdness & Mutations

You reflexively headbutt those who attack you in melee.
You have a pair of horns on your head.
You have sharp fingernails.
You have large cloven feet.
Your mind is acute. (Int +2)
Your body sometimes deteriorates upon taking damage.
You rapidly evolve.
Your movements are slightly less encumbered by armour. (ER -2)


Message History

You puncture the snapping turtle!
The snapping turtle is poisoned.
You kick the snapping turtle. You headbutt the snapping turtle.
The snapping turtle is almost dead.
The snapping turtle withdraws into its shell!
You puncture the snapping turtle!
You kill the snapping turtle!
The drowned soul is distracted by the nearby gold.
The merfolk avatar chants its luring song.
Okay, then.
Okay, then.
Evoke which item? (* to show all) (? for menu, Esc to quit)
Zapping:
S - a wand of teleportation {zapped: 1} (will waste charges)
Press: ? - help, Shift-Dir - straight line, f - you You feel strangely unstable.
Evoking this partially-identified wand wasted a few charges.
Your skill with magical items lets you calculate the power of this device...
This wand has 3 charges left.
The drowned soul touches you. The drowned soul drowns you!
You die...
Your body crumbles into a pile of gold.

≈≈≈≈≈≈≈≈≈≈≈≈≈≈≈≈≈≈≈≈≈≈≈≈≈≈
≈≈≈≈≈≈≈≈≈≈≈≈≈≈≈≈≈≈≈≈≈≈≈≈≈≈
≈≈≈≈≈≈≈≈..≈≈≈≈≈≈≈.%≈≈≈≈≈≈≈
≈≈≈≈≈≈≈≈...≈≈≈≈≈≈.%≈W≈≈≈≈≈
≈≈≈≈≈≈≈≈....≈≈≈≈≈≈≈≈≈≈≈≈≈≈
≈≈≈≈≈≈≈≈.....≈≈≈≈≈≈m≈≈≈≈≈≈
.≈≈≈≈≈≈≈......≈≈≈≈≈W..≈≈≈≈
≈≈≈≈≈≈≈≈........$W....≈≈≈≈
≈≈≈≈≈≈≈≈........@.$....≈≈≈
≈≈≈≈≈≈≈≈......$........≈≈≈
..≈≈≈≈≈≈..............≈≈≈≈
...≈≈≈≈..≈....).......≈≈≈≈
...≈≈≈≈≈.≈.....>......≈≈≈≈
......≈≈.............≈≈≈≈≈
......≈≈............≈≈≈≈≈≈
≈≈....≈≈≈..........≈≈≈≈≈≈≈
....#.≈≈≈≈≈.......≈≈≈≈≈≈≈


You could see a merfolk avatar and 3 drowned souls.

Vanquished Creatures
  A minotaur (Lab)
  A merfolk impaler (Shoals:1)
  Fannar (Lair:1)
  2 hydras
  A centaur warrior (D:9)
  A catoblepas (Lair:2)
  A merfolk avatar (Shoals:1)
  A queen ant (Lair:2)
  25 death yaks
  Urug (Lair:5)
  Nergalle (Lair:1)
  A sea snake (Shoals:1)
  4 lindwurms (Lair:6)
  2 hill giants (D:10)
  3 griffons
  A cyclops (Shoals:1)
  2 manticores (Shoals:1)
  The ghost of liquidsnake the Slicer, a novice HEFi (D:5)
  3 sirens
  2 black mambas
  5 spiny frogs
  A water nymph (Shoals:1)
  2 torpor snails
  2 rime drakes
  A komodo dragon (Lair:6)
  4 merfolk
  2 wind drakes (Shoals:1)
  A polar bear (Lair:4)
  31 blink frogs
  The ghost of ishanyx the Magician, an amateur HEWz (D:4)
  2 snapping turtles (Shoals:1)
  A wyvern (Lair:5)
  Sigmund (D:5)
  A redback (Lab)
  34 yaks
  4 basilisks
  2 hungry ghosts
  9 hippogriffs
  Edmund (D:5)
  2 nagas (Lair:2)
  14 soldier ants (Lair:2)
  10 water moccasins
  7 porcupines
  An ice beast (D:3)
  A sky beast (D:4)
  7 orc warriors
  2 black bears
  2 phantoms
  3 centaurs
  2 wolves (Lair:3)
  8 ogres
  12 crocodiles
  3 big kobolds
  11 giant frogs
  An earth elemental (Lab)
  2 scorpions
  14 wights
  5 killer bees (D:10)
  2 howler monkeys
  A centaur zombie (D:6)
  3 crimson imps
  2 giant frog zombies
  4 hounds
  2 jellies
  4 orc priests
  2 gnoll shamans
  14 iguanas
  12 orc wizards
  35 worker ants
  5 hell rats (Lair:1)
  A killer bee zombie (D:8)
  16 sheep
  19 gnolls
  6 adders
  30 river rats
  12 white imps (Lair:1)
  An ooze (D:3)
  2 adder skeletons
  3 worms
  2 dart slugs
  8 giant geckos
  54 orcs
  3 giant cockroaches
  4 goblins
  7 hobgoblins
  4 jackals
  22 kobolds
  2 quokkas (D:3)
  A ball python (D:6)
  20 bats
  A giant gecko zombie (D:8)
  2 giant newts (D:5)
  A quokka skeleton (D:10)
  22 rats
  A fungus (Lair:6)
597 creatures vanquished.

Vanquished Creatures (others)
  A water moccasin (Lair:1)
  10 fungi
  3 plants
14 creatures vanquished.

Grand Total: 611 creatures vanquished

Notes
Turn   | Place    | Note
-------+----------+-------------------------------------------
     0 | D:1      | LORDOFBUTT the Minotaur Fighter began the quest for the Orb.
     0 | D:1      | Reached XP level 1. HP: 19/19 MP: 0/0
     6 | D:1      | Noticed a polar bear
     6 | D:1      | Noticed a killer bee
     7 | D:1      | Noticed a five-headed hydra
     7 | D:1      | Noticed a swamp worm
   198 | D:1      | Reached XP level 2. HP: 27/27 MP: 1/1
   747 | D:2      | Reached XP level 3. HP: 33/33 MP: 2/2
  1795 | D:3      | Reached skill level 1 in Dodging
  1797 | D:3      | Noticed an ice beast
  1816 | D:3      | Killed an ice beast
  1816 | D:3      | Reached skill level 3 in Maces & Flails
  1816 | D:3      | Reached skill level 5 in Shields
  1816 | D:3      | Reached XP level 4. HP: 20/41 MP: 3/3
  1816 | D:3      | Reached XP level 5. HP: 23/47 MP: 4/4
  2896 | D:4      | Noticed ishanyx's ghost (amateur HEWz)
  2924 | D:4      | Killed ishanyx's ghost
  2924 | D:4      | Reached skill level 5 in Fighting
  2924 | D:4      | Reached skill level 4 in Maces & Flails
  2924 | D:4      | Reached skill level 5 in Armour
  2924 | D:4      | Reached XP level 6. HP: 56/56 MP: 5/5
  3009 | D:4      | Noticed a sky beast
  3022 | D:4      | Killed a sky beast
  3022 | D:4      | Reached XP level 7. HP: 29/61 MP: 6/6
  3562 | D:5      | Entered Level 5 of the Dungeon
  3592 | D:5      | Noticed Sigmund
  3614 | D:5      | Killed Sigmund
  3614 | D:5      | Reached skill level 5 in Maces & Flails
  3939 | D:5      | Reached XP level 8. HP: 69/70 MP: 7/7
  4054 | D:5      | Noticed liquidsnake's ghost (novice HEFi)
  4061 | D:5      | Noticed Edmund
  4063 | D:5      | Killed liquidsnake's ghost
  4068 | D:5      | Killed Edmund
  4068 | D:5      | Reached skill level 6 in Maces & Flails
  4145 | D:5      | Reached skill level 5 in Dodging
  4773 | D:6      | Reached XP level 9. HP: 75/79 MP: 8/8
  4814 | D:6      | Found a staircase to the Ecumenical Temple.
  5061 | Temple   | Entered the Ecumenical Temple
  5215 | Temple   | Became a worshipper of Gozag Ym Sagoz the Greedy
  5492 | D:7      | Found a shattered altar of Ashenzari.
  5508 | D:7      | Reached skill level 7 in Maces & Flails
  5929 | D:8      | Found Aniero's General Store.
  6218 | D:8      | Reached skill level 1 in Stealth
  6654 | D:8      | Found a roughly hewn altar of Beogh.
  6657 | D:8      | Reached skill level 8 in Maces & Flails
  7057 | D:9      | Reached XP level 10. HP: 66/90 MP: 9/9
  7127 | D:9      | Reached skill level 9 in Maces & Flails
  7374 | D:9      | Noticed a centaur warrior
  7380 | D:9      | Killed a centaur warrior
  7380 | D:9      | Reached skill level 10 in Armour
  7727 | D:10     | Entered Level 10 of the Dungeon
  7750 | D:10     | Reached skill level 10 in Maces & Flails
  7880 | D:10     | Identified a scroll of acquirement
  8246 | D:10     | Noticed a hill giant
  8251 | D:10     | Killed a hill giant
  8251 | D:10     | Reached skill level 10 in Fighting
  8321 | D:10     | Noticed a hill giant
  8327 | D:10     | Killed a hill giant
  8327 | D:10     | Reached XP level 11. HP: 99/99 MP: 10/10
  8392 | D:10     | Found a staircase to the Lair.
  8501 | D:10     | Found a staircase to the Orcish Mines.
  8679 | Lair:1   | Entered Level 1 of the Lair of Beasts
  8787 | Lair:1   | Found a labyrinth entrance.
  8826 | Lab      | Entered a labyrinth
  9640 | Lab      | Noticed a minotaur
  9646 | Lab      | Killed a minotaur
  9646 | Lab      | Reached skill level 11 in Maces & Flails
  9960 | Lair:1   | Noticed Fannar
  9971 | Lair:1   | Killed Fannar
 10019 | Lair:1   | Noticed Nergalle
 10029 | Lair:1   | Killed Nergalle
 10526 | Lair:2   | Noticed a catoblepas
 10535 | Lair:2   | Killed a catoblepas
 10537 | Lair:2   | Found a staircase to the Shoals.
 10553 | Lair:2   | Reached skill level 12 in Maces & Flails
 10643 | Lair:2   | Reached XP level 12. HP: 82/112 MP: 11/11
 10810 | Lair:2   | Noticed a queen ant
 10830 | Lair:2   | Killed a queen ant
 10864 | Lair:2   | Reached skill level 13 in Maces & Flails
 11049 | Lair:2   | Found a staircase to the Snake Pit.
 11164 | Lair:2   | Gained mutation: You evolve. [potion of beneficial mutation]
 11166 | Lair:2   | Gained mutation: You have large cloven feet. [potion of beneficial mutation]
 11262 | Lair:2   | Noticed a five-headed hydra
 11264 | Lair:2   | Noticed a death yak
 11265 | Lair:2   | Noticed a death yak
 11265 | Lair:2   | Noticed a death yak
 11266 | Lair:2   | Noticed a death yak
 11269 | Lair:2   | Noticed a death yak
 11271 | Lair:2   | Killed a five-headed hydra
 11277 | Lair:2   | Killed a death yak
 11286 | Lair:2   | Killed a death yak
 11286 | Lair:2   | Reached skill level 14 in Maces & Flails
 11290 | Lair:2   | Killed a death yak
 11295 | Lair:2   | Killed a death yak
 11303 | Lair:2   | Killed a death yak
 11722 | Lair:3   | Reached XP level 13. HP: 114/122 MP: 12/12
 11734 | Lair:3   | Reached skill level 15 in Maces & Flails
 12586 | Lair:4   | Gained mutation: Your body sometimes deteriorates upon taking damage. [evolution]
 12603 | Lair:4   | Gained mutation: Your movements are slightly less encumbered by armour. (ER -2) [potion of mutation]
 12603 | Lair:4   | Gained mutation: You rapidly evolve. [potion of mutation]
 12603 | Lair:4   | Gained mutation: Your mind is acute. (Int +2) [potion of mutation]
 13122 | Lair:4   | Found a blossoming altar of Fedhas.
 13430 | Lair:5   | Noticed Urug
 13437 | Lair:5   | Killed Urug
 13437 | Lair:5   | Reached skill level 16 in Maces & Flails
 13924 | Lair:5   | Found a staircase to the Slime Pits.
 14520 | Lair:5   | Bought the amulet of the Lost Eyes {RegenMP MR+ Dex+6} for 772 gold pieces
 14836 | Lair:6   | Entered Level 6 of the Lair of Beasts
 14963 | Lair:6   | Reached XP level 14. HP: 83/133 MP: 13/13
 15208 | Lair:6   | Reached skill level 17 in Maces & Flails
 15500 | Lair:6   | Gained mutation: You have sharp fingernails. [evolution]
 16199 | Lair:6   | Reached skill level 15 in Fighting
 16829 | Shoals:1 | Entered Level 1 of the Shoals
 16839 | Shoals:1 | Reached skill level 1 in Evocations
 17003 | Shoals:1 | Found Uvisyate's Assorted Antiques.
 17240 | Shoals:1 | HP: 3/135 [drowned by a drowned soul[a merfolk avatar] (17)]
 17244 | Shoals:1 | Drowned by a drowned soul

Vault maps used:
D:1:      onia_arrival_zoo_common
D:2:      eino_tiny_chamber
D:3:      serial_co_window_serial, co_window_paths_a, co_window_paths_a,
          co_window_of_opportunity_a, co_window_of_opportunity_a,
          co_window_paths_b, co_window_2corner, co_window_corner_b,
          co_window_cross_2, co_window_4corner_b, co_window_sun,
          glass_columns_b, hangedman_decor_points
D:4:      first_bread
D:5:      uniq_edmund, uniq_sigmund
D:7:      ashenzari_altar_1
D:8:      special_room, serial_shops, kennysheep_mini_moat
D:9:      blue_anna_alchemist
D:10:     grunt_lair_entry_orc_guard_hut, david_orc_4
Temple:   kilobyte_greek_temple
Lair:1:   kennysheep_abandoned_house, lab_entry_generic,
          portal_ice_cave_entry_imps, lemuel_old_faithful, grunt_megastairs_1,
          infiniplex_staircase_pool, uniq_fannar, uniq_nergalle
Lair:2:   elwin_shoals_entry_stream, guppyfry_snake_entry_garden, zaba_anthell,
          serial_bayou_shore_b, lemuel_fruit_fields
Lair:3:   beast_lair_carwin_5, grunt_megastairs_4, lemuel_fruit_tree
Lair:4:   tgw_fedhas, serial_bayou_shore_b, infiniplex_staircase_pool_2
Lair:5:   slime_dummy, minivault_24, st_stairs_11, uniq_urug
Lair:6:   due_jungle_book, minmay_lindwurm_lava, uniq_kirke
Shoals:1: serial_shops, shop, nicolae_shoals_so_close
Lab:      labyrinth_watery, nicolae_lab_big_swirl, nicolae_lab_t_cross,
          nicolae_lab_diamond, nicolae_lab_hexagon, nicolae_lab_grate,
          nicolae_lab_stuck, nicolae_lab_quarters

Skill      XL: |  1  2  3  4  5  6  7  8  9 10 11 12 13 14 |
---------------+-------------------------------------------+-----
Fighting       | 4 5 6 7 8 10 11 13 14 15 | 15.2
Armour         | 4 5 6 8 9 10 11 12 13 14 | 14.4
Shields        | 4 5 6 7 |  7.0
Dodging        | 1 2 3 5 6 8 9 |  9.5
Maces & Flails | 3 4 5 6 8 10 12 14 16 17 | 17.6
Stealth        | 1 2 3 |  3.0
Evocations     | 1 |  1.6

Action                   |  1- 3 |  4- 6 |  7- 9 | 10-12 | 13-15 || total
-------------------------+-------+-------+-------+-------+-------++-------
Melee: Flail             |   118 |    65 |   115 |       |       ||   298
       Headbutt          |    14 |     5 |    62 |   166 |   163 ||   410
       Dire flail        |       |       |   225 |   658 |   594 ||  1477
       Kick              |       |       |       |    44 |   253 ||   297
Invok: Call Merchant     |       |       |       |       |     3 ||     3
       Potion Petition   |       |       |       |       |     3 ||     3
Evoke: Wand              |       |       |       |       |    27 ||    27
  Use: Potion            |     2 |     1 |     2 |     5 |    10 ||    20
       Scroll            |       |       |     9 |    13 |    16 ||    38
 Stab: Distracted        |       |       |     2 |     2 |     4 ||     8
  Eat: Meat ration       |     1 |       |     1 |     1 |       ||     3
       Bread ration      |       |     1 |     2 |     1 |       ||     4
       Fruit             |       |       |       |     7 |    25 ||    32
       Beef jerky        |       |       |       |       |     2 ||     2
Armor: Scale mail        |    58 |    24 |   128 |   105 |       ||   315
       Gold dragon armou |       |       |       |   224 |   339 ||   563
       Skin              |       |       |       |       |    23 ||    23
Dodge: Dodged            |    49 |    16 |   158 |   278 |   202 ||   703
Block: Shield            |    71 |    28 |    67 |       |       ||   166
